Map: Ruins of Endion

Players

Cole - Winner!

  • Race: Zerg Zerg
  • League: Platinum

Melancholy

  • Race: Zerg Zerg

VOD

Have the link to the VOD?

Description

Time

  • Played on: April 14, 2016, 9:35 p.m.
  • Length: 10:24
Show
View Real Time Build Order
Export as new Build Order

Cole Zerg - Winner!

Build Orders: Pool First, Lurkers 

Get SALT Encoding   

  12  0:01  Drone  
  13  0:13  Overlord  
  13  0:18  Drone  
  14  0:22  Extractor  
  14  0:25  Drone  
  14  0:42  Spawning Pool  
  13  0:47  Drone  
  13  0:49  Drone  
  15  0:55  Drone  
  16  1:11  Drone  
  17  1:28  Hatchery  
  17  1:31  Zergling x2  
  17  1:39  Metabolic Boost  
  17  1:43  Zergling x2  
  18  1:57  Zergling x4  
  18  1:58  Zergling x2  
  21  2:09  Baneling Nest  
  20  2:18  Zergling x2  
  21  2:28  Zergling x2  
  22  2:38  Overlord  
  22  2:39  Queen  
  24  2:55  Baneling x3  
  24  2:56  Baneling x3  
  24  2:59  Spine Crawler  
  24  3:00  Drone  
  24  3:10  Drone x2  
  26  3:26  Overlord  
  26  3:30  Drone x2  
  28  3:42  Roach Warren  
  28  3:45  Drone  
  28  3:48  Drone  
  29  3:52  Drone  
  30  4:00  Drone x2  
  32  4:04  Zergling x2  
  32  4:09  Drone x2  
  35  4:16  Drone  
  36  4:19  Drone x2  
  38  4:27  Lair  
  38  4:31  Roach  
  40  4:34  Overlord  
  40  4:40  Roach  
  42  4:47  Drone x2  
  42  4:49  Overlord  
  44  4:54  Extractor, Drone  
  44  4:56  Queen  
  46  5:01  Roach  
  46  5:03  Roach  
  49  5:14  Roach  
  49  5:15  Roach x3  
  57  5:48  Drone x3  
  57  5:49  Overlord x3, Hydralisk Den  
  59  5:52  Extractor x2  
  57  5:57  Spine Crawler  
  57  5:59  Drone x2  
  57  6:00  Drone  
  55  6:27  Spore Crawler  
  54  6:34  Drone x3  
  54  6:35  Drone x3  
  54  6:37  Drone x3  
  54  6:38  Hatchery  
  62  6:40  Lurker Den  
  62  6:42  Glial Reconstitution  
  62  6:49  Overlord x2  
  62  6:55  Baneling  
  62  6:56  Baneling  
  62  6:59  Drone x2  
  62  7:00  Drone  
  66  7:01  Zergling x6  
  66  7:02  Zergling x2  
  69  7:12  Hydralisk x2  
  73  7:22  Drone x2, Spore Crawler  
  74  7:31  Hydralisk  
  74  7:32  Hydralisk x3  
  82  7:41  Queen  
  84  7:54  Hydralisk  
  84  7:55  Hydralisk x4  
  94  8:01  Drone  
  94  8:02  Drone x2  
  97  8:09  Lurker  
  97  8:11  Lurker  
  99  8:16  Drone x2  
  99  8:17  Drone x5  
  99  8:18  Overlord  
  99  8:19  Overlord  
  106  8:26  Overseer  
  106  8:30  Pneumatized Carapace  
  106  8:32  Overlord  
  106  8:36  Queen  
  108  8:45  Lurker x2  
  110  8:52  Extractor  
  110  8:53  Extractor  
  110  8:54  Drone x3  
  110  8:55  Drone x3  
  114  9:01  Spine Crawler  
  113  9:03  Overlord x3  
  113  9:04  Overlord x2  
  113  9:21  Drone x6  
  113  9:23  Hydralisk x4  
  110  9:46  Roach  
  110  9:47  Roach x7  
Show
View Real Time Build Order
Export as new Build Order

Melancholy Zerg 

Build Orders: Pool First 

Get SALT Encoding   

  12  0:01  Drone  
  13  0:15  Extractor  
  12  0:25  Spawning Pool  
  11  0:29  Drone  
  11  0:33  Drone  
  13  0:40  Drone  
  14  0:49  Overlord  
  14  1:13  Zergling x6  
  14  1:18  Metabolic Boost  
  17  1:24  Zergling x2  
  18  1:35  Zergling x2  
  19  1:46  Zergling x2  
  20  1:58  Queen  
  22  2:06  Overlord  
  22  2:29  Hatchery  
  18  2:36  Queen  
  19  2:49  Drone x3  
  22  3:01  Zergling x2  
  23  3:25  Roach Warren  
  22  3:28  Drone x3  
  25  3:35  Overlord  
  25  3:41  Drone  
  26  3:52  Overlord  
  26  4:08  Roach x4  
  26  4:09  Roach  
  36  4:23  Roach x3  
  42  4:28  Roach  
  44  4:34  Overlord  
  44  4:52  Roach x2  
  50  4:53  Roach x2  
  52  5:12  Overlord  
  52  5:15  Overlord x2  
  52  5:41  Drone x3  
  52  5:42  Drone x6  
  59  5:56  Drone x3  
  59  5:57  Drone x3  
  64  6:02  Drone x2  
  46  6:25  Spine Crawler  
  46  6:26  Lair  
  46  6:27  Roach x3  
  46  6:28  Roach x2  
  46  6:31  Extractor, Drone x2  
  56  6:44  Roach x2  
  56  6:45  Roach x3  
  66  6:48  Spine Crawler  
  65  6:56  Roach x2  
  65  6:57  Roach  
  65  6:58  Roach  
  73  7:05  Roach  
  75  7:09  Overlord x2  
  75  7:29  Extractor  
  75  7:30  Extractor, Drone x3  
  76  7:38  Drone x2  
  76  7:39  Drone  
  79  7:44  Spire  
  79  7:48  Drone x2  
  79  7:49  Drone  
  81  7:59  Overlord x3  
  81  8:00  Overlord  
  81  8:16  Overlord x2  
  81  8:19  Roach  
  87  8:20  Roach x5  
  87  8:23  Overseer  
  93  8:28  Drone  
  93  8:32  Drone x3  
  97  8:43  Ravager x2  
  97  8:44  Ravager x2  
  105  9:10  Roach x7  
  105  9:14  Overlord x3  
  105  9:15  Overlord  
  115  9:37  Hatchery  
  62  9:46  Roach  
  62  9:47  Roach x7  
  62  9:48  Roach x3  
  78  10:00  Mutalisk x2  
Tags
 
Composition
Lurkers
League
Platinum
Matchup
ZvZ
Race
Zerg
Add a new tag
Caveats
  • Supply blocks, unpowered buildings, or Contaminate may cause inaccurate times.
  • Supply counts are checked every 10 seconds.